 Dungeon Crawl Stone Soup version 0.25-a0-424-g80bd347ae0 (webtiles) character file.

Game seed: 12454299645387555471, levelgen mode: deterministic

105 kae the Changer (level 4, 0/32 HPs)
             Began as a Demonspawn Transmuter on Jan 23, 2020.
             Succumbed to an adder's poison
             ... on level 3 of the Dungeon.
             The game lasted 00:02:05 (2400 turns).

kae the Changer (Demonspawn Transmuter)             Turns: 2400, Time: 00:02:06

Health: 0/32       AC:  2    Str: 11    XL:     4   Next: 54%
Magic:  4/8        EV: 12    Int: 19    God:
Gold:   128        SH:  0    Dex: 14    Spells: 3/9 levels left

rFire    + . .     SeeInvis .   k - +0 whip
rCold    + . .     Gourm    .   (no shield)
rNeg     . . .     Faith    .   b - +0 robe
rPois    +         Spirit   +   (no helmet)
rElec    +         Reflect  .   (no cloak)
rCorr    +         Harm     .   (no gloves)
MR       .....                  (no boots)
Stlth    +.........             (no amulet)
HPRegen  0.10/turn              e - ring of resist corrosion
MPRegen  0.11/turn              (no ring)

@: brilliant, lethally poisoned (0 -> -4), resistant, berserk cooldown, flying,
hasted and slowed
A: hooves 1, magic shield
a: no special abilities


You were on level 3 of the Dungeon.
You were not hungry.

You visited 1 branch of the dungeon, and saw 3 of its levels.

You collected 128 gold pieces.

Inventory:

Hand Weapons
 k - a +0 whip (weapon)
Missiles
 a - 12 arrows
Armour
 b - a +0 robe (worn)
Jewellery
 e - a ring of resist corrosion (left hand)
Scrolls
 f - a scroll of fear {unknown}
 h - a scroll of identify
 m - a scroll of teleportation {unknown}
Potions
 g - a potion of berserk rage
 l - a potion of haste
Comestibles
 d - 8 rations


   Skills:
 - Level 1.0 Fighting
 - Level 1.7 Dodging
 - Level 2.6 Unarmed Combat
 + Level 3.0 Spellcasting
 * Level 3.7 Transmutations


You had 3 spell levels left.
You knew the following spells:

 Your Spells              Type           Power        Failure   Level  Hunger
a - Beastly Appendage     Tmut           ####..       1%          1    None
b - Sticks to Snakes      Tmut           ####....     1%          2    ##.....
c - Spider Form           Tmut/Pois      ###.......   2%          3    ###....

Your spell library contained the following spells:

 Spells                   Type           Power        Failure   Level  Hunger
 Ice Form                 Ice/Tmut       ###.....     8%          4    ####...
 Blade Hands              Tmut           ####......   10%         5    ######.


Dungeon Overview and Level Annotations

Branches:
Dungeon (3/15)

Altars:


Innate Abilities, Weirdness & Mutations

You have large cloven feet.
When hurt, damage is shared between your health and your magic reserves.


Message History

You feel sick.
There is a lethal amount of poison in your body!
There is a lethal amount of poison in your body!
It was a potion of brilliance.
You feel clever all of a sudden.
* * * LOW HITPOINT WARNING * * *
You feel sick.
It was a potion of flight.
You feel very buoyant.
You fly up into the air.
* * * LOW HITPOINT WARNING * * *
You feel sick.
It was a potion of haste.
You feel yourself speed up.
You feel protected.
* * * LOW HITPOINT WARNING * * *
You feel sick.
There is a lethal amount of poison in your body!
There is a lethal amount of poison in your body!
There is a lethal amount of poison in your body!
You die...

#.#.. #...### ......## #
##.....## #. ###.#...###
#. ###.##....# #.###
##).
##..###.#.####...##.....
##.####...#..)......#
............####@####.#
###.######............#
#...# ##..###)##..##
#.### ##....$.# ..# ..#
#####.......# ###
##.##.#.. .# # # .# ..


There were no monsters in sight!

Vanquished Creatures
  5 adders
  An ooze (D:2)
  2 worms
  3 dart slugs (D:1)
  2 leopard geckos (D:1)
  3 goblins
  6 hobgoblins
  3 jackals (D:3)
  9 kobolds
  5 bats
  2 frilled lizards (D:2)
  4 rats
45 creatures vanquished.

Notes
Turn   | Place    | Note
-------+----------+-------------------------------------------
     0 | D:1      | kae the Demonspawn Transmuter began the quest for the Orb.
     0 | D:1      | Reached XP level 1. HP: 15/15 MP: 3/3
   436 | D:1      | Gained mutation: You have large cloven feet. [demonic
                  | ancestry]
   436 | D:1      | Reached XP level 2. HP: 21/21 MP: 5/5
  1086 | D:1      | Gained mutation: When hurt, damage is shared between your
                  | health and your magic reserves. [demonic ancestry]
  1086 | D:1      | Reached XP level 3. HP: 22/26 MP: 4/6
  1339 | D:2      | Learned a level 2 spell: Sticks to Snakes
  1343 | D:2      | Learned a level 3 spell: Spider Form
  2057 | D:3      | Reached XP level 4. HP: 32/32 MP: 8/8
  2398 | D:3      | HP: 1/32 [poisoned by an adder]
  2400 | D:3      | Succumbed to an adder's poison

Levels and vault maps discovered:
D:1:      scummos_arrival_star, layout_basic
D:2:      layout_basic
D:3:      layout_rooms, okawaru_altar_gauntlet_db, first_ration, chequers_garden

Skill      XL: |  1  2  3  4 |
---------------+-------------+-----
Transmutations | 2 3 |  3.7
Spellcasting   | 3 |  3.0
Fighting       | |  1.0
Dodging        | |  1.7
Unarmed Combat | |  2.6

Action                   |  1- 3 |  4- 6 || total
-------------------------+-------+-------++-------
Melee: Unarmed           |   104 |       ||   104
       Headbutt          |    10 |     2 ||    12
       Kick              |    26 |    10 ||    36
       Whip              |    22 |    47 ||    69
 Cast: Beastly Appendage |    14 |     4 ||    18
       Spider Form       |     1 |       ||     1
  Use: Scroll            |     1 |       ||     1
       Potion            |       |     6 ||     6
 Stab: Sleeping          |     1 |       ||     1
  Eat: Chunk             |     4 |     1 ||     5
Armor: Robe              |    17 |     7 ||    24
Dodge: Dodged            |    84 |    29 ||   113

Table legend:
 A = Non-vault XP
 B = Vault XP
 C = Vault XP percentage of total XP
 D = Non-vault monster count
 E = Vault monster count
 F = Vault count percentage of total count
                 A         B        C        D         E       F
            +---------+---------+-------+---------+---------+-------
      Total |     151 |       0 |   0.0 |      45 |       0 |   0.0
            +---------+---------+-------+---------+---------+-------
        D:1 |      45 |       0 |   0.0 |      22 |       0 |   0.0
        D:2 |      50 |       0 |   0.0 |      12 |       0 |   0.0
        D:3 |      56 |       0 |   0.0 |      11 |       0 |   0.0
            +---------+---------+-------+---------+---------+-------
